 Dungeon Crawl Stone Soup version 0.21.1-1-g345015f (webtiles) character file.

935 tidbits the Charmwright (level 8, 63/63 HPs)
             Began as a Gnoll Skald on June 26, 2018.
             Quit the game on level 5 of the Dungeon.
             The game lasted 00:07:54 (866 turns).

tidbits the Charmwright (Gnoll Skald)                Turns: 866, Time: 00:07:55

Health: 63/63      AC:  4    Str: 13    XL:     8   Next: 11%
Magic:  25/25      EV: 14    Int: 19    God:
Gold:   101        SH:  0    Dex: 14    Spells: 7/18 levels left

rFire    . . .     SeeInvis .   a - +0 war axe
rCold    . . .     Gourm    .   (no shield)
rNeg     . . .     Faith    .   b - +0 leather armour
rPois    .         Spirit   .   (no helmet)
rElec    .         Reflect  .   (no cloak)
rCorr    .         Harm     .   G - +0 pair of gloves
MR       .....                  (no boots)
Stlth    +++.......             (no amulet)
HPRegen  0.20/turn              l - ring of magical power
MPRegen  0.19/turn              q - ring of stealth

@: no status effects
A: distributed training, fangs 1, strong nose
a: no special abilities


You were on level 5 of the Dungeon.
You were not hungry.

You visited 1 branch of the dungeon, and saw 7 of its levels.

You collected 101 gold pieces.

Inventory:

Hand Weapons
 a - a +0 war axe (weapon)
 h - a +0 hand axe
 z - a +0 shortbow
 C - a cursed -3 halberd
Missiles
 x - 53 bolts
 A - 50 arrows
Armour
 b - a +0 leather armour (worn)
 o - a +0 ring mail
 G - a +0 pair of gloves (worn)
Jewellery
 l - a ring of magical power (left hand)
   (You found it on level 5 of the Dungeon)
 q - a ring of stealth (right hand)
   (You found it on level 5 of the Dungeon)
 s - a +2 ring of strength
   (You found it on level 7 of the Dungeon)
Wands
 m - a wand of polymorph (21)
 n - a wand of enslavement (16)
 p - a wand of scattershot (1)
Scrolls
 e - a scroll of remove curse {unknown}
 t - a scroll of teleportation {unknown}
 u - a scroll of enchant armour {unknown}
 w - a scroll of identify {unknown}
 y - a scroll of noise {unknown}
 D - a scroll of blinking {unknown}
Potions
 f - a potion of resistance {unknown}
 g - a potion of mutation {unknown}
 i - a potion of lignification
 j - a potion of might {unknown}
 r - 2 potions of ambrosia {unknown}
 v - a potion of haste {unknown}
 B - a potion of brilliance {unknown}
 E - a potion of flight {unknown}
Books
 c - a book of Battle

   Spells                             Type                      Level
   a - Infusion                       Charms                       1
   b - Shroud of Golubria             Charms/Translocation         2
   c - Song of Slaying                Charms                       2
   d - Spectral Weapon                Hexes/Charms                 3
   e - Regeneration                   Charms/Necromancy            3
 k - a book of Minor Magic
   (You found it on level 5 of the Dungeon)

   Spells                             Type                      Level
   a - Magic Dart                     Conjuration                  1
   b - Blink                          Translocation                2
   c - Call Imp                       Summoning                    2
   d - Slow                           Hexes                        2
   e - Conjure Flame                  Conjuration/Fire             3
   f - Mephitic Cloud                 Conjuration/Poison/Air       3
Comestibles
 d - 6 rations


   Skills:
 + Level 5.4 Fighting
 + Level 2.9 Short Blades
 + Level 2.9 Long Blades
 + Level 5.4 Axes
 + Level 2.9 Maces & Flails
 + Level 2.9 Polearms
 + Level 2.9 Staves
 + Level 2.9 Slings
 + Level 2.9 Bows
 + Level 2.9 Crossbows
 + Level 2.9 Throwing
 + Level 3.9 Armour
 + Level 5.4 Dodging
 + Level 2.9 Stealth
 + Level 2.9 Shields
 + Level 2.9 Unarmed Combat
 + Level 5.8 Spellcasting
 + Level 2.3 Conjurations
 + Level 2.3 Hexes
 + Level 6.0 Charms
 + Level 2.3 Summonings
 + Level 2.3 Necromancy
 + Level 2.3 Translocations
 + Level 2.3 Transmutations
 + Level 2.3 Fire Magic
 + Level 2.3 Ice Magic
 + Level 2.3 Air Magic
 + Level 2.3 Earth Magic
 + Level 2.3 Poison Magic
 + Level 3.2 Invocations
 + Level 2.9 Evocations


You had 7 spell levels left.
You knew the following spells:

 Your Spells              Type           Power        Failure   Level  Hunger
g - Shroud of Golubria    Chrm/Tloc      ###.......   3%          2    None
i - Infusion              Chrm           ####         1%          1    None
r - Regeneration          Chrm/Necr      ###.......   8%          3    ##.....
w - Spectral Weapon       Hex/Chrm       ###.....     8%          3    ##.....
y - Song of Slaying       Chrm           ####....     1%          2    None


Dungeon Overview and Level Annotations

Branches:
Dungeon (7/15)
 Temple: D:4-7

Altars:
Ashenzari
Vehumet
Yredelemnul

Annotations:
D:6 1 runed door


Innate Abilities, Weirdness & Mutations

Your experience applies equally to all skills.
You have very sharp teeth.
Your uncanny sense of smell can sniff out nearby items.


Message History

You climb upwards.
There is a stone staircase leading down here.
Unknown command.
There is an open door here.
There is an open door here.
There is an open door here.
You see here a leather armour.
Found a stone staircase leading up.
There is a stone staircase leading up here.
You climb upwards.
A rat comes into view.
Found 11 gold pieces.
There is a stone staircase leading down here.
The helpless rat fails to defend itself.
You hit the rat but do no damage. The rat bites you.
You slash the rat!
You kill the rat!
An adder comes into view.
Casting: Regeneration
Confirm with . or Enter, or press ? or * to list all spells.
You draw out your weapon's spirit!
The adder hisses angrily.
You miss the adder.
Your spectral weapon hits the adder!
The adder bites your spectral weapon.
Your spectral weapon shares its damage with you!
The adder bites your spectral weapon but does no damage.
You hit the adder.
You kill the adder!
An orc comes into view.
It is wielding a hand axe. 2 orcs come into view.
Found a scroll labeled AFROASALEF and 4 gold pieces.
Casting: Spectral Weapon
Confirm with . or Enter, or press ? or * to list all spells.
You start singing a song of slaying.
The orc shouts!
You hear a shout!
An orc comes into view. It is wielding a mace of holy wrath.
You barely miss the orc. Your bite misses the orc.
Your spectral weapon hits the orc!
The orc hits you with a hand axe.
The orc closely misses your spectral weapon.
You hit the orc but do no damage.
The orc is severely wounded.
You barely miss the orc.
Your spectral weapon barely misses the orc.
The orc misses you. The orc barely misses you.
The orc misses your spectral weapon.
You slash the orc!
You kill the orc!
You hit the orc.
Your spectral weapon fades away.
The orc barely misses you. The orc misses you.
You slash the orc!
You kill the orc!
Casting: Song of Slaying
Confirm with . or Enter, or press ? or * to list all spells.
You draw out your weapon's spirit!
You slash the orc!
You kill the orc!
You hit the orc. The orc closely misses you.
The orc hits you with a mace of holy wrath.
Items here: )) [ † a flail; a leather armour; a hand axe; an orc corpse You hit the orc.
You kill the orc!
You see here a mace of holy wrath.
You see here a scroll labeled AFROASALEF.
D - a scroll labeled AFROASALEF Your song is almost over.
There is a stone staircase leading down here.
You climb downwards.
Your summoned ally is left behind.
Your spectral weapon fades away.
Your song has ended.
There is a stone staircase leading up here.
Unknown command.
Found 2 gold pieces and a yellow potion.
Found a shattered altar of Ashenzari.
You see here a yellow potion.
r - 2 yellow potions (gained 1) Unknown command.
There are no items here.
Found a wand of polymorph (8) and a trident.
You see here a wand of polymorph (8).
m - a wand of polymorph (21) (gained 8 charges)
Found an escape hatch in the ceiling.
Found 22 sling bullets.
Found 3 gold pieces.
Found 16 sling bullets.
Found 12 bolts.
Found a robe.
You see here 12 bolts.
x - 53 bolts (gained 12)
You see here 16 sling bullets.
Found an escape hatch in the floor.
Found a metallic orange potion.
There is an escape hatch in the floor here.
You see here a metallic orange potion.
E - a metallic orange potion
There is an escape hatch in the floor here.
You slide downwards.
The hatch slams shut behind you.
Unknown command.
Are you sure you want to abandon this character and quit the game? (Confirm with "yes".)

###.[......###.#.#######
# ####.....###.........#
##########....##.#####.#
.........')...##.# #.#
......####....##.#####.#
#####+####....##.#.....#
##.......#....##.#.#####
##.......#....##...#
##.<.....#(...##@###
##.÷.....####.##.#
###.÷.#### #..#.#
.....## ##.#.# ..##.#
#######..^# ...#.#
..........#
...#.#.###.......##
+#.#.#.#.......#..#
+#.#<....#.#...#..#


There were no monsters in sight!

Vanquished Creatures
  A water moccasin (D:6)
  A phantom (D:6)
  A sky beast (D:5)
  An ice beast (D:5)
  2 centaurs
  A scorpion (D:6)
  A crimson imp (D:5)
  An orc priest (D:6)
  A human skeleton (D:6)
  2 iguanas (D:6)
  Ijyb (D:5)
  2 orc wizards (D:6)
  Natasha (D:4)
  A worker ant zombie (D:5)
  4 gnolls (D:5)
  3 adders
  A worm (D:5)
  2 leopard geckos
  7 orcs
  A hobgoblin (D:3)
  5 jackals (D:5)
  A quokka (D:5)
  A jackal skeleton (D:6)
  A jackal zombie (D:5)
  2 rats
45 creatures vanquished.

Notes
Turn   | Place    | Note
-------+----------+-------------------------------------------
     0 | D:1      | tidbits the Gnoll Skald began the quest for the Orb.
     0 | D:1      | Reached XP level 1. HP: 20/20 MP: 6/6
    36 | D:4      | Noticed Natasha
    43 | D:4      | Killed Natasha
    43 | D:4      | Reached skill level 5 in Spellcasting
    43 | D:4      | Reached XP level 2. HP: 21/26 MP: 2/8
    43 | D:4      | Reached XP level 3. HP: 25/31 MP: 2/9
    47 | D:4      | Learned a level 2 spell: Song of Slaying
    50 | D:4      | Learned a level 2 spell: Shroud of Golubria
    54 | D:4      | Learned a level 3 spell: Regeneration
    58 | D:4      | Learned a level 3 spell: Spectral Weapon
    71 | D:5      | Entered Level 5 of the Dungeon
   115 | D:5      | Reached skill level 1 in Invocations
   125 | D:5      | Reached skill level 1 in Short Blades
   125 | D:5      | Reached skill level 1 in Long Blades
   125 | D:5      | Reached skill level 1 in Maces & Flails
   125 | D:5      | Reached skill level 1 in Polearms
   125 | D:5      | Reached skill level 1 in Staves
   125 | D:5      | Reached skill level 1 in Slings
   125 | D:5      | Reached skill level 1 in Bows
   125 | D:5      | Reached skill level 1 in Crossbows
   125 | D:5      | Reached skill level 1 in Throwing
   125 | D:5      | Reached skill level 1 in Stealth
   125 | D:5      | Reached skill level 1 in Shields
   125 | D:5      | Reached skill level 1 in Unarmed Combat
   125 | D:5      | Reached skill level 1 in Evocations
   125 | D:5      | Reached XP level 4. HP: 18/38 MP: 1/11
   143 | D:5      | Reached skill level 1 in Conjurations
   143 | D:5      | Reached skill level 1 in Hexes
   143 | D:5      | Reached skill level 1 in Summonings
   143 | D:5      | Reached skill level 1 in Necromancy
   143 | D:5      | Reached skill level 1 in Translocations
   143 | D:5      | Reached skill level 1 in Transmutations
   143 | D:5      | Reached skill level 1 in Fire Magic
   143 | D:5      | Reached skill level 1 in Ice Magic
   143 | D:5      | Reached skill level 1 in Air Magic
   143 | D:5      | Reached skill level 1 in Earth Magic
   143 | D:5      | Reached skill level 1 in Poison Magic
   198 | D:5      | Noticed Ijyb
   206 | D:5      | Killed Ijyb
   206 | D:5      | Reached XP level 5. HP: 28/43 MP: 2/12
   245 | D:5      | Found a radiant altar of Vehumet.
   268 | D:6      | Reached skill level 3 in Armour
   288 | D:6      | Found a runed door.
   288 | D:6      | Noticed a human
   292 | D:6      | Found a basalt altar of Yredelemnul.
   313 | D:6      | Reached skill level 2 in Invocations
   313 | D:6      | Reached XP level 6. HP: 35/50 MP: 4/13
   494 | D:6      | Noticed a phantom
   497 | D:6      | Reached skill level 5 in Fighting
   497 | D:6      | Reached skill level 2 in Short Blades
   497 | D:6      | Reached skill level 2 in Long Blades
   497 | D:6      | Reached skill level 5 in Axes
   497 | D:6      | Reached skill level 2 in Maces & Flails
   497 | D:6      | Reached skill level 2 in Polearms
   497 | D:6      | Reached skill level 2 in Staves
   497 | D:6      | Reached skill level 2 in Slings
   497 | D:6      | Reached skill level 2 in Bows
   497 | D:6      | Reached skill level 2 in Crossbows
   497 | D:6      | Reached skill level 2 in Throwing
   497 | D:6      | Reached skill level 5 in Dodging
   497 | D:6      | Reached skill level 2 in Stealth
   497 | D:6      | Reached skill level 2 in Shields
   497 | D:6      | Reached skill level 2 in Unarmed Combat
   497 | D:6      | Reached skill level 2 in Evocations
   499 | D:6      | Noticed a water moccasin
   503 | D:6      | Killed a water moccasin
   503 | D:6      | Reached XP level 7. HP: 53/56 MP: 15/15
   506 | D:6      | Reached skill level 2 in Conjurations
   506 | D:6      | Reached skill level 2 in Hexes
   506 | D:6      | Reached skill level 2 in Summonings
   506 | D:6      | Reached skill level 2 in Necromancy
   506 | D:6      | Reached skill level 2 in Translocations
   506 | D:6      | Reached skill level 2 in Transmutations
   506 | D:6      | Reached skill level 2 in Fire Magic
   506 | D:6      | Reached skill level 2 in Ice Magic
   506 | D:6      | Reached skill level 2 in Air Magic
   506 | D:6      | Reached skill level 2 in Earth Magic
   506 | D:6      | Reached skill level 2 in Poison Magic
   566 | D:5      | Reached skill level 3 in Invocations
   570 | D:5      | Reached skill level 6 in Charms
   570 | D:5      | Reached XP level 8. HP: 15/63 MP: 16/16
   743 | D:4      | Found a shattered altar of Ashenzari.
   866 | D:5      | Quit the game

Skill      XL: |  1  2  3  4  5  6  7 |
---------------+----------------------+-----
Spellcasting   | 5 |  5.8
Invocations    | 1 2 3 |  3.2
Short Blades   | 1 2 |  2.9
Long Blades    | 1 2 |  2.9
Maces & Flails | 1 2 |  2.9
Polearms       | 1 2 |  2.9
Staves         | 1 2 |  2.9
Slings         | 1 2 |  2.9
Bows           | 1 2 |  2.9
Crossbows      | 1 2 |  2.9
Throwing       | 1 2 |  2.9
Stealth        | 1 2 |  2.9
Shields        | 1 2 |  2.9
Unarmed Combat | 1 2 |  2.9
Evocations     | 1 2 |  2.9
Conjurations   | 1 2 |  2.3
Hexes          | 1 2 |  2.3
Summonings     | 1 2 |  2.3
Necromancy     | 1 2 |  2.3
Translocations | 1 2 |  2.3
Transmutations | 1 2 |  2.3
Fire Magic     | 1 2 |  2.3
Ice Magic      | 1 2 |  2.3
Air Magic      | 1 2 |  2.3
Earth Magic    | 1 2 |  2.3
Poison Magic   | 1 2 |  2.3
Armour         | 3 |  3.9
Fighting       | 5 |  5.4
Axes           | 5 |  5.4
Dodging        | 5 |  5.4
Charms         | 6 |  6.0

Action                   |  1- 3 |  4- 6 |  7- 9 || total
-------------------------+-------+-------+-------++-------
Melee: Hand axe          |    28 |       |       ||    28
       Bite              |     2 |     6 |     4 ||    12
       War axe           |       |    47 |    30 ||    77
 Cast: Infusion          |     2 |       |       ||     2
       Spectral Weapon   |     2 |     5 |     5 ||    12
       Song of Slaying   |     2 |     3 |     2 ||     7
       Shroud of Golubri |       |     2 |     1 ||     3
       Regeneration      |       |     2 |     2 ||     4
Evoke: Wand              |       |       |     1 ||     1
  Use: Potion            |       |     1 |       ||     1
 Stab: Sleeping          |       |       |     1 ||     1
  Eat: Chunk             |       |       |     1 ||     1
Armor: Leather armour    |     4 |     5 |     7 ||    16
       Skin              |       |    21 |       ||    21
Dodge: Dodged            |    22 |    15 |    25 ||    62

Table legend:
 A = Turns spent in this place as a percentage of turns spent in the entire game.
 B = Non-inter-level travel turns spent in this place as a percentage of non-inter-level travel turns spent in the entire game.
 C = Inter-level travel turns spent in this place as a percentage of turns spent in this place.
 D = Turns resting spent in this place as a percentage of non-inter-level travel turns spent in this place.
 E = Turns spent auto-exploring this place as a percentage of non-inter-level travel turns spent in this place.
 F = Non-inter-level travel turns spent in this place divided by the number of levels of this place that you've seen.
                   A       B       C       D       E      F
               +-------+-------+-------+-------+-------+----------------------
         Total | 100.0 | 100.0 |   1.8 |   0.0 |   0.0 | 121.4
       Dungeon | 100.0 | 100.0 |   1.8 |   0.0 |   0.0 | 121.4
               +-------+-------+-------+-------+-------+----------------------

Table legend:
 A = Kills in this place as a percentage of kills in entire the game.
 B = Kills by you in this place as a percentage of kills by you in the entire game.
 C = Kills by friends in this place as a percentage of kills by friends in the entire game.
 D = Other kills in this place as a percentage of other kills in the entire game.
 E = Experience gained in this place as a percentage of experience gained in the entire game.
 F = Experience gained in this place divided by the number of levels of this place that you have seen.
                   A       B       C       D       E      F
               +-------+-------+-------+-------+-------+----------------------
         Total | 100.0 | 100.0 |   N/A |   N/A | 100.0 | 190.9
       Dungeon | 100.0 | 100.0 |   N/A |   N/A | 100.0 | 190.9
               +-------+-------+-------+-------+-------+----------------------

Vault maps used:
D:1:      minmay_arrival_five_plusses, st_stairs_3, dk_noncrumbling_4,
          minmay_misc_feat_roman, minmay_heptomino_l4
D:3:      nicolae_overflow_hidden_temple
D:4:      cheibrodos_helix_gallery, evilmike_ruin_ashenzari, uniq_menkaure,
          uniq_sigmund, uniq_natasha, uniq_grinder
D:5:      overflow_temple_1_default, first_ration, uniq_ijyb
D:6:      minmay_opposing_rooms, minmay_temple_entry_purple_smoke,
          dk_yredelemnul_ordeal, uniq_edmund
